 Dungeon Crawl Stone Soup version 0.29-a0-418-gc0181ea820 (webtiles) character file.

Game seed: 18376169063449531828

107 avis the Chopper (level 4, -8/38 HPs)
             Began as a Hill Orc Warper on May 18, 2022.
             Was an Initiate of Beogh.
             Killed from afar by Ijyb (27 damage)
             ... with a bolt of acid
             ... on level 3 of the Dungeon.
             The game lasted 00:10:38 (2808 turns).

avis the Chopper (Hill Orc Warper)                  Turns: 2808, Time: 00:10:39

Health: -8/38      AC:  8    Str: 15    XL:     4   Next: 86%
Magic:  6/6        EV:  6    Int: 13    God:    Beogh [......]
Gold:   142        SH:  5    Dex: 10    Spells: 4/6 levels left

rFire   . . .      SeeInvis .   a - +0 hand axe
rCold   . . .      Faith    .   f - +1 buckler {AC+3}
rNeg    . . .      Spirit   .   k - +0 chain mail
rPois   .          Reflect  .   n - +0 helmet
rElec   .          Harm     .   (no cloak)
rCorr   .          Rampage  .   (no gloves)
Will    .....                   (no boots)
Stlth   ..........              (no amulet)
HPRegen 0.12/turn               (no ring)
MPRegen 0.10/turn               (no ring)

@: corroded
A: no striking features
a: Renounce Religion


You were on level 3 of the Dungeon.
You worshipped Beogh.
Beogh was noncommittal.
You visited 1 branch of the dungeon, and saw 3 of its levels.

You collected 142 gold pieces.

Inventory:

Hand Weapons
 a - a +0 hand axe (weapon)
 b - a +0 hunting sling
 h - a +0 spear
 s - a +0 spear
Missiles
 d - 7 boomerangs of dispersal (quivered)
Armour
 f - a +1 buckler of protection (worn)
 k - a +0 chain mail (worn)
 n - a +0 helmet (worn)
 p - a +0 leather armour
Magical Staves
 q - a staff of poison
Jewellery
 g - a ring of protection from cold
 i - an amulet of faith
 A - a ring of ice
Scrolls
 c - a scroll of blinking
 e - a scroll of silence {unknown}
 j - a scroll of immolation {unknown}
 m - 3 scrolls of identify {unknown}
 t - a scroll of torment {unknown}
 v - a scroll of fog {unknown}
 x - a scroll of fear {unknown}
 y - a scroll of teleportation {unknown}
Potions
 l - 2 potions of curing {unknown}
 o - 2 potions of degeneration {unknown}
 r - a potion of invisibility {unknown}
 u - a potion of heal wounds {unknown}
 w - a potion of might {unknown}
 z - a potion of flight {unknown}


   Skills:
 + Level 3.5 Fighting
 * Level 4.9 Axes
 - Level 0.8 Throwing
 - Level 1.1 Armour
 - Level 1.5 Dodging
 + Level 2.1 Shields
 - Level 1.5 Spellcasting
 - Level 2.4 Translocations
 + Level 0.3 Invocations


You had 4 spell levels left.
You knew the following spells:

 Your Spells              Type           Power      Damage    Failure   Level
b - Blink                 Tloc           14%        N/A       99%         2

Your spell library contained the following spells:

 Spells                   Type           Power      Damage    Failure   Level
 Gell's Gravitas          Tloc           7%         N/A       100%        3
 Lesser Beckoning         Tloc           7%         N/A       100%        3
 Teleport Other           Tloc           7%         N/A       100%        3
 Manifold Assault         Tloc           7%         N/A       100%        5


Dungeon Overview and Level Annotations

Branches:
Dungeon (3/15)

Altars:
Makhleb

Annotations:
D:1 deep water unexplored
D:3 Ijyb


Message History

You hit Ijyb but do no damage.
Ijyb is moderately wounded.
Ijyb zaps a wand.
The bolt of acid hits you! The acid corrodes you!
You hit Ijyb but do no damage.
Ijyb is moderately wounded.
Ijyb hits you with a +0 club.
You hit Ijyb but do no damage.
Ijyb is moderately wounded.
Ijyb hits you but does no damage.
You hit Ijyb but do no damage.
Ijyb is moderately wounded.
Ijyb hits you but does no damage.
Ijyb zaps a wand.
The bolt of acid misses you.
You hit Ijyb but do no damage.
Ijyb is moderately wounded.
Ijyb hits you with a +0 club.
You barely miss Ijyb.
Ijyb is moderately wounded.
You block Ijyb's attack.
You barely miss Ijyb.
Ijyb is moderately wounded.
Ijyb hits you but does no damage.
You barely miss Ijyb.
Ijyb is moderately wounded.
Ijyb hits you but does no damage.
You closely miss Ijyb.
Ijyb is moderately wounded.
Ijyb hits you with a +0 club.
You hit Ijyb but do no damage.
Ijyb is moderately wounded.
Ijyb screams, "Die!"
Ijyb hits you but does no damage.
You barely miss Ijyb.
Ijyb is moderately wounded.
Ijyb zaps a wand.
The bolt of acid misses you.
You hit Ijyb but do no damage.
Ijyb is moderately wounded.
Ijyb zaps a wand.
The bolt of acid hits you!!
Ouch! That really hurt!
You die...

#.###.##....#
#..##.##....###
##.##.##......##
#.....+.......#
#.....#.......#
#......#......#
#......+......#
#......#..<...#
#@.....#...##.#
##g..#.##### #
#...#...
#.#>##### #.#.#
#.#.# ..#.# ##


You could see Ijyb.

Vanquished Creatures
  5 adders
  A gnoll (D:1)
  2 dart slugs
  4 orcs
  5 endoplasms
  5 giant cockroaches
  6 goblins
  A hobgoblin (D:2)
  3 quokkas
  2 ball pythons (D:3)
  5 bats
  3 kobolds (D:1)
  3 rats
45 creatures vanquished.

Vanquished Creatures (others)
  A rat (D:3)
1 creature vanquished.

Grand Total: 46 creatures vanquished

Notes
Turn   | Place    | Note
-------+----------+-------------------------------------------
     0 | D:1      | avis the Hill Orc Warper began the quest for the Orb.
     0 | D:1      | Reached XP level 1. HP: 18/18 MP: 3/3
   117 | D:1      | Reached skill level 3 in Axes
   117 | D:1      | Reached XP level 2. HP: 12/25 MP: 4/4
   493 | D:1      | Reached skill level 1 in Shields
   591 | D:1      | Reached XP level 3. HP: 26/31 MP: 5/5
   948 | D:1      | Found a faded altar of an unknown god.
  1173 | D:1      | Reached skill level 4 in Axes
  1336 | D:1      | Learned a level 2 spell: Blink
  1626 | D:2      | Found a burning altar of Makhleb.
  1898 | D:2      | Reached XP level 4. HP: 38/38 MP: 6/6
  2612 | D:3      | Became a worshipper of Beogh the Brigand
  2787 | D:3      | Noticed Ijyb
  2808 | D:3      | Killed from afar by Ijyb

Illustrated notes

Levels and vault maps discovered:
D:1:      dpeg_arrival_radiant, layout_loops_corners, serial_rivers,
          chequers_serial_rivers_micro_d, chequers_serial_rivers_large_a,
          chequers_serial_rivers_marsh, chequers_serial_rivers_small_a,
          shapermc_ecumenical_altar_mp_urbaneastern, minmay_cut_off
D:2:      layout_loops_ring, basic_altar, nrook_loot_triangle,
          kennysheep_another_room
D:3:      minmay_spotlight, layout_basic, uniq_ijyb

Skill      XL: |  1  2  3  4 |
---------------+-------------+-----
Axes           | 3 4 |  4.9
Shields        | 1 2 |  2.1
Fighting       | 3 |  3.5
Throwing       | |  0.8
Armour         | |  1.1
Dodging        | |  1.5
Spellcasting   | |  1.5
Translocations | |  2.4
Invocations    | |  0.3

Action                   |  1- 3 |  4- 6 || total
-------------------------+-------+-------++-------
Melee: Hand axe          |   109 |    66 ||   175
 Fire: Hunting sling     |     3 |    21 ||    24
Invok: Convert to Beogh  |       |     1 ||     1
Armor: Leather armour    |    11 |       ||    11
       Chain mail        |    51 |    40 ||    91
Dodge: Dodged            |    46 |    17 ||    63
Block: Buckler           |    30 |    17 ||    47

Table legend: (Time is in decaauts)
 A = Elapsed time spent in this place.
 B = Non-inter-level travel time spent in this place.
 C = Inter-level travel time spent in this place.
 D = Time resting spent in this place.
 E = Time spent auto-exploring this place.
 F = Levels seen in this place.
 G = Mean time per level.
                   A        B        C        D        E       F      G
               +--------+--------+--------+--------+--------+-----+--------+
         Total |   2862 |   2711 |    151 |    603 |   1474 |   3 |  954.0 |
       Dungeon |   2862 |   2711 |    151 |    603 |   1474 |   3 |  954.0 |
               +--------+--------+--------+--------+--------+-----+--------+

Top non-repeatable levels by time:
     D:1: 1470 daAuts
     D:2: 1136 daAuts
     D:3: 256 daAuts
